AoeStats
← Don John

Arena

509187179Analyzed
1v1 RM · 7d ago on Sep 25, 2026· 28m 26s· 2 players
Game mode
Random Map
Map size
Tiny (2 player)
Population
200
Speed
Normal
Resources
Standard
Victory
Conquest
Starting age
Dark Age
Ending age
Imperial Age
RankedLock teamsTeams togetherTeam positionsShared explorationLock speedFull tech treeHidden civsTurbo modeCheats
Victory
Defeat
🇦🇷 Celts · Argentina
964
+16
🇨🇴 Spanish · Colombia
955
-16
Juanzanahoria
3:56 Loom
11:16 Feudal Age
15:28 Castle Age
18:26 Double-Bit Axe
18:24 Horse Collar
23:54 Padded Archer Armor
Don John
11:40 Feudal Age
9:57 Loom
15:45 Castle Age
15:25 Double-Bit Axe
16:49 Horse Collar
17:57 Bow Saw
20:11 Scale Mail Armor
21:22 Forging
22:44 Chain Mail Armor
Connection lost

Rejoining the realm…

Still unreachable

The connection could not be restored.

Session expired

The server has moved on; the page needs a fresh start.